 Dungeon Crawl Stone Soup version 0.28.0-47-ge53b351184 (webtiles) character file.

Game seed: 3852849156399153665

429 Keeper01 the Ruffian (level 6, -1/51 (56) HPs)
             Began as a Deep Dwarf Berserker on May 9, 2022.
             Was a Believer of Trog.
             Slain by a wight
             ... wielding a +0 halberd
              (3 damage)
             ... on level 6 of the Dungeon.
             The game lasted 00:18:19 (3102 turns).

Keeper01 the Ruffian (Deep Dwarf Berserker)         Turns: 3102, Time: 00:18:19

HP:   -1/51 (56)    AC:  6    Str: 23    XL:     6   Next: 66%
MP:   4/4           EV: 13    Int:  7    God:    Trog [**....]
Gold: 171           SH:  0    Dex: 18    Spells: 5/5 levels left

rFire   . . .      SeeInvis .     - Unarmed
rCold   . . .      Faith    .   (no shield)
rNeg    . . .      Spirit   .   g - +1 ring mail
rPois   .          Reflect  .   (no helmet)
rElec   .          Harm     .   (no cloak)
rCorr   .          Rampage  .   (no gloves)
Will    .....                   (no boots)
Stlth   ++........              (no amulet)
HPRegen 0.00/turn               b - +6 ring of dexterity
MPRegen 0.09/turn               (no ring)

@: about to teleport, attractive, drained
A: damage resistance, heal wounds, sense surroundings 1, no regeneration
a: Heal Wounds, Renounce Religion, Berserk, Trog's Hand


You were on level 6 of the Dungeon.
You worshipped Trog.
Trog was pleased with you.
You visited 1 branch of the dungeon, and saw 6 of its levels.

You collected 171 gold pieces.

Inventory:

Hand Weapons
 c - a +0 whip
Armour
 a - a +0 animal skin
 g - a +1 ring mail (worn)
Jewellery
 b - a +6 ring of dexterity (left hand)
 h - a ring of see invisible
Scrolls
 d - 2 scrolls of enchant weapon {unknown}
 i - 5 scrolls of identify {unknown}
 j - a scroll of immolation {unknown}
 n - a scroll of holy word {unknown}
Potions
 f - a potion of might
 l - a potion of lignification {unknown}


   Skills:
 + Level 3.4 Fighting
 + Level 4.1 Armour
 + Level 3.7 Dodging
 + Level 1.9 Stealth
 + Level 4.9 Unarmed Combat


You had 5 spell levels left.
You didn't know any spells.
Your spell library contained the following spells:

 Spells                   Type           Power      Damage    Failure   Level
 Sting                    Tmut/Pois      0%         1d3       56%         1
 Poisonous Vapours        Pois/Air       0%         N/A       71%         2
 Call Canine Familiar     Summ           0%         N/A       91%         3
 Portal Projectile        Hex/Tloc       0%         N/A       91%         3
 Leda's Liquefaction      Hex/Erth       0%         N/A       100%        4
 Olgreb's Toxic Radiance  Pois           0%         N/A       100%        4


Dungeon Overview and Level Annotations

Branches:
Dungeon (6/15)
 Temple: D:4-7

Altars:

Annotations:
D:4 1 runed translucent door, 2 transporters, Crazy Yiuf


Innate Abilities, Weirdness & Mutations

You are resistant to damage.
You can heal yourself by infusing magical energy.
You passively map a small area around you.
You do not regenerate.


Message History

A wight comes into view. It is wielding a +0 halberd.
The wight closely misses you. The wight completely misses you.
You hit the wight.
The wight is lightly damaged.
The wight hits you with a +3 war axe.
You feel drained.
You hit the wight but do no damage.
The wight is lightly damaged.
The wight misses you. The wight closely misses you.
You punch the wight!
The wight is almost destroyed.
The wight hits you from afar with a +0 halberd!
The wight hits you with a +3 war axe. The wight closely misses you.
You hit the wight.
You destroy the wight!
Trog accepts your kill. The wight barely misses you. The wight misses you.
Your life force feels restored.
The wight misses you.
The wight hits you from afar with a +0 halberd.
You feel drained.
Things that are here:
a +3 war axe; a +0 robe The wight closely misses you. x2
You hit the wight but do no damage. The wight barely misses you. x2
You hit the wight but do no damage. The wight closely misses you.
The wight hits you with a +0 halberd!
* * * LOW HITPOINT WARNING * * *
It was a potion of attraction.
You feel attractive to monsters.
The wight barely misses you. x2; The wight is attracted toward you.
As you read the scroll labelled YNYUCSADDOERO, it crumbles to dust.
You feel strangely unstable.
It was a scroll of teleportation.
The wight completely misses you.
You hit the wight.
The wight is lightly damaged.
The wight hits you from afar with a +0 halberd!
* * * LOW HITPOINT WARNING * * *
You feel drained.
You die...

, ##.## ......#. *
#.>.#... *
....ยง... * , *
.....,..## * *
.#..". ..# # *
.....z##.# .# *
...#..z#.####.*
#.. #z@)##..
#..,##..##.# #
#.####..#.# * ,
.#. #...#....## *
#.#!#...#)....###
#.#....#..##...#
#........####.####
##....#.## #....#
##...#.# ####.#


You could see 3 wights.

Vanquished Creatures
  A black bear (D:4)
  A kobold brigand (D:6)
  A scorpion (D:4)
  2 wights (D:6)
  2 orc wizards (D:4)
  3 adders
  An adder skeleton (D:4)
  A dart slug (D:1)
  5 orcs
  2 endoplasms
  2 giant cockroaches
  4 hobgoblins
  4 jackals (D:1)
  A quokka (D:1)
  2 ball pythons
  6 bats
  A frilled lizard (D:1)
  7 kobolds
  3 rats (D:2)
49 creatures vanquished.

Vanquished Creatures (others)
  15 plants (D:1)
15 creatures vanquished.

Grand Total: 64 creatures vanquished

Notes
Turn   | Place    | Note
-------+----------+-------------------------------------------
     0 | D:1      | Keeper01 the Deep Dwarf Berserker began the quest for the
                  | Orb.
     0 | D:1      | Reached XP level 1. HP: 20/20 MP: 1/1
    72 | D:1      | Found a faded altar of an unknown god.
  1367 | D:1      | Reached XP level 2. HP: 27/28 MP: 2/2
  1792 | D:2      | Reached XP level 3. HP: 28/34 MP: 3/3
  2407 | D:4      | Noticed a black bear
  2430 | D:4      | Killed a black bear
  2431 | D:4      | Reached skill level 1 in Stealth
  2431 | D:4      | Reached XP level 4. HP: 37/42 MP: 4/4
  2521 | D:4      | Reached XP level 5. HP: 28/49 MP: 5/5
  2600 | D:4      | Found a runed translucent door.
  2601 | D:4      | Noticed Crazy Yiuf
  2696 | D:4      | Reached ** piety under Trog
  2778 | D:4      | Found a transporter.
  2782 | D:4      | Found a transporter.
  2927 | D:5      | Entered Level 5 of the Dungeon
  2964 | D:6      | Reached XP level 6. HP: 29/56 MP: 5/5
  3102 | D:6      | HP: 2/54 [wight/+0 halberd (12)]
  3102 | D:6      | Slain by a wight

Illustrated notes

Levels and vault maps discovered:
D:1:      roderic_crop_circles_arrival_small, layout_basic,
          nicolae_ecumenical_lake_church, minmay_pentomino_p2
D:2:      layout_basic, chequers_serial_rivers_large_b
D:3:      layout_basic, uniq_robin
D:4:      gammafunk_steamed_eel, layout_loops_ring, minmay_pentangle,
          uniq_menkaure, uniq_sigmund, uniq_crazy_yiuf_cottage
D:5:      layout_loops_ring, zin_angel, nicolae_hepliaklqana_hippocampus,
          eino_tiny_chamber
D:6:      minmay_inner_zag, layout_rooms, minmay_temple_entry_tees,
          kennysheep_generic_room_10

Skill      XL: |  1  2  3  4  5  6 |
---------------+-------------------+-----
Fighting       | 3 |  3.4
Unarmed Combat | 3 4 |  4.9
Dodging        | 3 |  3.7
Stealth        | 1 |  1.9
Armour         | 3 4 |  4.1

Action                   |  1- 3 |  4- 6 || total
-------------------------+-------+-------++-------
Melee: Unarmed           |   152 |    93 ||   245
       Punch             |     6 |     1 ||     7
Invok: Berserk           |     1 |     2 ||     3
 Abil: Heal Wounds       |       |     2 ||     2
  Use: Potion            |     2 |     3 ||     5
       Scroll            |       |     3 ||     3
 Stab: Sleeping          |     1 |       ||     1
Armor: Animal skin       |    19 |       ||    19
       Ring mail         |    18 |    28 ||    46
Dodge: Dodged            |    95 |    90 ||   185
